[Event "Live Chess"]
[Site "Chess.com"]
[Date "2023.05.20"]
[Round "-"]
[White "diana21strabt"]
[Black "Waterphall"]
[Result "1-0"]
[WhiteElo "1671"]
[BlackElo "728"]
[TimeControl "300"]
[EndTime "12:21:26 PDT"]
[Termination "diana21strabt won by resignation"]

1. e4 e6 2. d4 d5 3. exd5 exd5 4. Nc3 Nf6 5. Bb5+ Bd7 6. Bxd7+ Qxd7 7. Nf3 Nc6 8. O-O O-O-O 9. Bg5 Qd6 10. Qd3 Be7 11. Rae1 h6 12. Bxf6 Bxf6 13. Nb5 Qb4 14. Qb3 Qxb3 15.
axb3 a6 16. Nc3 Nb4 17. Re2 Rhe8 18. Rfe1 Rxe2 19. Rxe2 Kd7 20. g3 Re8 21. Rd2 g5 22. h3 h5 23. Ne2 g4 24. hxg4 hxg4 25. Nh2 Bg5 26. Nf4 Bxf4 27. gxf4 Rg8 28. c3 Na2 29. Kg2 f5 30. Rd1 b5 31. Ra1 Nxc3 32. bxc3 c5 33. Rxa6 cxd4 34. cxd4 Rc8 35. Rb6 Rc6 36. Rxb5 Kd6 37.
Nf1 Rc3 38. Ne3 Rxe3 39. fxe3 Kc6 40. Rc5+ Kd6 41. b4 1-0

[Event "Live Chess"]
[Site "Chess.com"]
[Date "2023.05.20"]
[Round "-"]
[White "MaximKris"]
[Black "apl_trainer"]
[Result "0-1"]
[WhiteElo "1862"]
[BlackElo "1658"]
[TimeControl "300"]
[EndTime "12:21:31 PDT"]
[Termination "apl_trainer won by checkmate"]

1. e4 c5 2. Nf3 e6 3. c3 Nf6 4. Bd3 d5 5. e5 Nfd7 6. O-O Nc6 7. Re1 Qc7 8. a4 Ncxe5 9. Nxe5 Nxe5 10. Bc2 Bd6 11.
d4 Ng6 12. dxc5 Bxh2+ 13. Kh1 Bf4 14. Bxf4 Qxf4 15. Qf3 Qxf3 16. gxf3 Bd7 17. b4 O-O 18. a5 e5 19. Ba4 Bxa4 20. Rxa4 Rfd8 21. Ra2 d4 22. cxd4 Rxd4 23. Rb2 Rad8 24. Re4 Rd1+ 25. Kg2 f5 26. Ree2 Nf4+ 27. Kg3 Nxe2+ 28. Rxe2 Rxb1 29. Rxe5 Rxb4 30. Rxf5 Ra4 31. Re5 Rxa5 32. Re7 Rxc5 33. Rxb7 Ra8 34. Rb4 a5 35. Ra4 Rb5 36. Kf4 Rb4+ 37.
Rxb4 axb4 38. Ke3 b3 39. Kd2 b2 40. Kc2 Rb8 41. Kb1 Kf7 42. f4 Kf6 43. f5 Kxf5 44. f3 Kf4 45. Kc2 b1=Q+ 46. Kc3 Rc8+ 47. Kd4 Qb4+ 48. Kd5 Rd8+ 49. Ke6 Qd6+ 50. Kf7 Qf6# 0-1

[Event "Live Chess"]
[Site "Chess.com"]
[Date "2023.05.20"]
[Round "-"]
[White "Richardallis"]
[Black "gggoodgamebroski"]
[Result "1-0"]
[WhiteElo "1733"]
[BlackElo "338"]
[TimeControl "300"]
[EndTime "12:21:32 PDT"]
[Termination "Richardallis won by resignation"]

1. d4 d5 2. Nf3 e6 3. Bg5 f6 4.
Bh4 g6 5. Nbd2 g5 6. Bg3 g4 7.
Ng1 Bd6 8. Bxd6 Qxd6 9. c3 Qb6 10. b4 e5 11. e3 Qb5 12. Bxb5+ c6 13. Be2 b6 14. Bxg4 Bxg4 15. Qxg4 Nh6 16. Qh5+ 1-0

[Event "Live Chess"]
[Site "Chess.com"]
[Date "2023.05.20"]
[Round "-"]
[White "whitedjohn"]
[Black "jameskwong"]
[Result "0-1"]
[WhiteElo "1662"]
[BlackElo "2145"]
[TimeControl "300"]
[EndTime "12:21:37 PDT"]
[Termination "jameskwong won by resignation"]

1. e4 c5 2. Nf3 d6 3. d4 cxd4 4. Nxd4 Nf6 5. Nc3 Nc6 6. Bc4 e6 7. Be3 Be7 8. Bb3 O-O 9. Qe2 a6 10. O-O-O Qc7 11. g4 b5 12. g5 Nd7 13. Bxe6 fxe6 14.
Nxe6 Qa5 15. Nxf8 Bxf8 16. Kb1 Nc5 17. f3 Be6 18. Nd5 Rc8 19. f4 Nxe4 20. Bb6 Qa4 21. b3 Bxd5 22. bxa4 Nc3+ 23. Kb2 Nxe2 24. Rxd5 Nxf4 25.
Rf5 Ne6 26. axb5 Ncd4 0-1

[Event "Live Chess"]
[Site "Chess.com"]
[Date "2023.05.20"]
[Round "-"]
[White "ReceptiveCamel"]
[Black "Salpingidis"]
[Result "0-1"]
[WhiteElo "689"]
[BlackElo "2301"]
[TimeControl "300"]
[EndTime "12:21:40 PDT"]
[Termination "Salpingidis won by checkmate"]

1. e4 e6 2. Bc4 d5 3. exd5 exd5 4. Bd3 Bd6 5. Nf3 Nf6 6. b3 O-O 7. Bb2 Re8+ 8. Be2 c6 9. O-O Bg4 10. Ng5 Bxe2 11. Qc1 Bxf1 12. Qxf1 Bxh2+ 13. Kxh2 Ng4+ 14. Kh3 Qxg5 15. f4 Qh5+ 16. Kg3 Nd7 17. Qf3 Ndf6 18.
Na3 Ne4+ 19. Qxe4 Rxe4 20. Bxg7 Qh2+ 21. Kxg4 Rxf4+ 22. Kg5 Qh4# 0-1

[Event "Live Chess"]
[Site "Chess.com"]
[Date "2023.05.20"]
[Round "-"]
[White "KeithArkell"]
[Black "SupremeTactician"]
[Result "1-0"]
[WhiteElo "2614"]
[BlackElo "2380"]
[TimeControl "300"]
[EndTime "12:21:53 PDT"]
[Termination "KeithArkell won by resignation"]

1. d4 Nf6 2. Nf3 e6 3. c4 d5 4.
cxd5 exd5 5. Nc3 c6 6. Qc2 Bd6 7. Bg5 h6 8. Bxf6 Qxf6 9. Nxd5 Qe6 10. Nc3 O-O 11. e3 f5 12. g3 Kh8 13. Ne2 g5 14. h4 g4 15. Nd2 Qd5 16. Rg1 Na6 17. a3 Qf7 18. Nc3 Nc7 19. Nc4 Be7 20. Ne5 Qf6 21.
h5 Kh7 22. Bd3 Bd6 23. Ng6 Re8 24. O-O-O Bd7 25. Nh4 Rf8 26. e4 Qg5+ 27. Kb1 Rae8 28. exf5 Qf6 29. Ng6 Rf7 30. Ne4 Rxe4 31. Bxe4 Bxf5 32.
Bxf5 Qxf5 33. Qxf5 Rxf5 34. Rh1 Rxf2 35. Rdf1 Bxg3 36.
Rfg1 Rf3 37. Rg2 Ne6 38. Rhg1 Bf2 39. Rd1 g3 40. d5 Nd4 41. dxc6 bxc6 42. Ne5 Rf5 43.
Nd3 Nb3 44. Kc2 Nd4+ 45. Kb1 Nb3 46. Ka2 Nd4 47. Nxf2 gxf2 48. Rf1 Rxh5 49. Rfxf2 Rg5 50. Rf7+ Kg6 51. Rgf2 Ra5 52. Rd7 Nf5 53. Rc7 c5 54. Rc6+ Kg5 55. Re6 h5 56. Re5 h4 57. Rfxf5+ Kg4 58. Rg5+ Kf4 59. Rxc5 Ra6 60. Rh5 Kg4 61. Rcg5+ Kf4 62. Rg8 1-0

[Event "Live Chess"]
[Site "Chess.com"]
[Date "2023.05.20"]
[Round "-"]
[White "djw60"]
[Black "Horseymobile"]
[Result "1-0"]
[WhiteElo "2114"]
[BlackElo "1191"]
[TimeControl "300"]
[EndTime "12:21:56 PDT"]
[Termination "djw60 won on time"]

1. g3 d5 2. Bg2 Nf6 3. c4 e6 4. Nf3 Bd6 5. O-O O-O 6. d4 dxc4 7. Qc2 Nc6 8. Qxc4 Re8 9. Nc3 Be7 10. e4 a6 11. Bf4 Bb4 12. Rfe1 Bxc3 13. bxc3 Na5 14. Qd3 Bd7 15. c4 b5 16. c5 Bc6 17. Ne5 Bb7 18.
Rab1 Qe7 19. a4 Nc6 20. axb5 Nxe5 21. Bxe5 Ng4 22. Bf4 e5 23. dxe5 Nxe5 24. Bxe5 Qxe5 25. c6 Bc8 26. Qd5 Qc3 27. Rec1 Qa3 28. Ra1 Qe7 29.
bxa6 Bxa6 30. Qc5 Qxc5 31. Rxc5 Bd3 32. Rxa8 Rxa8 33. h4 Rd8 34. f4 Re8 35. e5 f6 36.
exf6 1-0

[Event "Live Chess"]
[Site "Chess.com"]
[Date "2023.05.20"]
[Round "-"]
[White "ViktorTheCoolBoy"]
[Black "Geomorph"]
[Result "1-0"]
[WhiteElo "2527"]
[BlackElo "1238"]
[TimeControl "300"]
[EndTime "12:22:03 PDT"]
[Termination "ViktorTheCoolBoy won by resignation"]

1. d4 d5 2. c4 c6 3. Nf3 Nf6 4. Nc3 Qb6 5. e3 dxc4 6. Bxc4 Bf5 7. O-O e6 8. Re1 Be7 9. Ne5 Nbd7 10. e4 Bg6 11.
Bf4 Qxb2 12. Qd3 Nh5 13. Nxg6 hxg6 14. Be3 Qb6 15. d5 Qc7 16. dxe6 fxe6 17. Bxe6 Ne5 18. Qe2 Nf6 19. f4 Neg4 20. Bxg4 Nxg4 21. Qxg4 g5 22. Rac1 Rd8 23. Nd5 Rxd5 24. exd5 Kf7 25. Qe6+ Kf8 26.
dxc6 gxf4 27. cxb7 Qxb7 28. Rc8+ 1-0

[Event "Live Chess"]
[Site "Chess.com"]
[Date "2023.05.20"]
[Round "-"]
[White "lateforthesky"]
[Black "raminguy"]
[Result "1-0"]
[WhiteElo "2089"]
[BlackElo "1991"]
[TimeControl "300"]
[EndTime "12:22:08 PDT"]
[Termination "lateforthesky won by resignation"]

1. e4 e5 2. Nf3 Nc6 3. Bb5 Nf6 4. d3 Ne7 5. O-O c6 6. Ba4 Ng6 7. Nc3 a5 8. a3 Be7 9. d4 d6 10. dxe5 dxe5 11. Bb3 O-O 12. Qxd8 Rxd8 13. Be3 Bg4 14. Ng5 Nh8 15. h3 Bh5 16. h4 h6 17.
Nh3 Ng4 18. Bb6 Rd2 19. f3 Nf6 20. Be3 Rdd8 21. g4 Bxg4 22. fxg4 Nxg4 23. Bb6 Rd7 24. Rad1 Rxd1 25. Rxd1 Bxh4 26. Rd7 Rb8 27. Kg2 Nf6 28.
Rd1 Ng4 29. Kf3 Nh2+ 30. Kg2 Ng4 31. Nf2 Nxf2 32. Bxf2 Bxf2 33. Kxf2 h5 34. Rd7 Ng6 35. Bxf7+ Kh7 36. Bxg6+ Kxg6 37. Na4 Rf8+ 38. Kg2 Rf4 39. Rxb7 Rxe4 40. Nc3 Rg4+ 41. Kh3 Kf5 42. Rc7 g5 43. Rxc6 Rg1 44. Rc5 g4+ 45. Kh2 Rc1 46. Ne2 Re1 47.
Ng3+ Kf4 48. Nxh5+ Kf3 49. b4 Re2+ 50. Kg1 axb4 51. axb4 Rg2+ 52. Kh1 Re2 53. Rc3+ Kf2 54. b5 e4 55. b6 e3 56. b7 g3 57. Nxg3 Kxg3 58.
b8=Q+ Kh3 59. Qh8+ Kg3 60. Qg7+ Kh3 61. Qh6+ Kg3 62.
Qg5+ Kh3 63. Qh5+ Kg3 64. Qxe2 1-0

[Event "Live Chess"]
[Site "Chess.com"]
[Date "2023.05.20"]
[Round "-"]
[White "gggoodgamebroski"]
[Black "MaximKris"]
[Result "0-1"]
[WhiteElo "338"]
[BlackElo "1862"]
[TimeControl "300"]
[EndTime "12:22:12 PDT"]
[Termination "MaximKris won by resignation"]

1. d4 d5 2. e3 Nf6 3. c3 Bf5 4. f4 e6 5. g4 Bxg4 6. h3 Bxd1 7. Kf2 Ne4+ 8. Ke1 Qh4+ 9. Kxd1 Nf2+ 10. Ke2 Nxh1 11. Kd3 0-1

[Event "Live Chess"]
[Site "Chess.com"]
[Date "2023.05.20"]
[Round "-"]
[White "ElectricFalcon"]
[Black "martynstanley"]
[Result "1-0"]
[WhiteElo "1071"]
[BlackElo "990"]
[TimeControl "300"]
[EndTime "12:22:13 PDT"]
[Termination "ElectricFalcon won by checkmate"]

1. d4 e6 2. c4 d5 3. cxd5 exd5 4. Nf3 c5 5. e3 Nc6 6. Bb5 Qa5+ 7. Nc3 a6 8. Bxc6+ bxc6 9. dxc5 Bxc5 10. O-O Bb7 11. Bd2 Qc7 12. e4 dxe4 13. Nxe4 Bxf2+ 14. Nxf2 Ne7 15. Bc3 O-O 16. Qd4 f6 17. Qc4+ Rf7 18. Rfe1 Re8 19. Ne4 c5 20. Qxc5 Qxc5+ 21. Nxc5 Bxf3 22. gxf3 Kf8 23. Nb7 Nc6 24. Nd6 Ne5 25. Nxe8 Kxe8 26. Bxe5 fxe5 27. Rxe5+ Kd7 28. Rd1+ Kc7 29. Re3 Rf6 30.
Rc3+ Kb6 31. Rd4 Rg6+ 32. Kf2 Rh6 33. Rb4+ Ka7 34. Rc7+ Ka8 35. Rxg7 Rxh2+ 36. Kg3 Rc2 37. Rf4 Kb8 38. Rf6 Rc7 39. Rb6+ Kc8 40. Rg8+ Kd7 41. Rg7+ Kc8 42. Rxc7+ Kxc7 43. Re6 a5 44. f4 Kd7 45. Re1 Kd6 46. f5 Kd5 47. f6 Kd4 48. f7 Kd3 49. f8=Q Kc2 50. Qf5+ Kxb2 51. Rb1+ Ka3 52. Qxa5# 1-0

[Event "Live Chess"]
[Site "Chess.com"]
[Date "2023.05.20"]
[Round "-"]
[White "elizaveta_frundina"]
[Black "ramses-IIG"]
[Result "1-0"]
[WhiteElo "1565"]
[BlackElo "794"]
[TimeControl "300"]
[EndTime "12:22:16 PDT"]
[Termination "elizaveta_frundina won by checkmate"]

1. e4 d5 2. exd5 Qxd5 3. Nc3 Qe6+ 4. Qe2 Qg6 5. Nd5 Na6 6. Qe3 e6 7. Bxa6 Qxc2 8. Nxc7+ Qxc7 9. Bb5+ Bd7 10. Bxd7+ Qxd7 11. Nf3 b6 12. Qe4 Rd8 13. O-O Nf6 14. Qh4 Be7 15. Ne5 Qd5 16. Qg3 Ne4 17. Qxg7 Bf6 18. Qxf7# 1-0

[Event "Live Chess"]
[Site "Chess.com"]
[Date "2023.05.20"]
[Round "-"]
[White "Ayursworld"]
[Black "Driftboard"]
[Result "0-1"]
[WhiteElo "1336"]
[BlackElo "755"]
[TimeControl "300"]
[EndTime "12:22:32 PDT"]
[Termination "Driftboard won by checkmate"]

1. e4 e5 2. Nf3 Nc6 3. d4 exd4 4. Bc4 Nf6 5. O-O Nxe4 6. Re1 d5 7. Bb5 Bd7 8. Bxc6 Bxc6 9. Ng5 Be7 10. Nxe4 dxe4 11. Na3 Bxa3 12. bxa3 O-O 13. Bb2 Re8 14. Bxd4 h6 15. c3 b6 16. Qg4 Qg5 17. Qxg5 hxg5 18.
g3 f5 19. Be3 f4 20. gxf4 gxf4 21. Bxf4 Rac8 22. Bg3 Re7 23. Rad1 Kf7 24. Rd4 Kf6 25.
Bh4+ g5 26. Bg3 Kf5 27. Rc4 Bd5 28. Rd4 Bxa2 29. Ra1 Bb3 30. Rb1 Ba4 31. Rxa4 e3 32. fxe3 Rxe3 33. Rb5+ Kg6 34. Rc4 c6 35. Rb1 c5 36. Bf2 Re2 37. Rd1 Ra2 38. Rd6+ Kg7 39. Rg4 Rxa3 40. Rxg5+ Kf8 41. Rf5+ Ke7 42. Rd3 Rg8+ 43.
Kh1 Ra1+ 44. Rd1 Rxd1+ 45. Be1 Rxe1+ 46. Rf1 Rxf1# 0-1

[Event "Live Chess"]
[Site "Chess.com"]
[Date "2023.05.20"]
[Round "-"]
[White "WelshTiger"]
[Black "blunderabit"]
[Result "1-0"]
[WhiteElo "2405"]
[BlackElo "1889"]
[TimeControl "300"]
[EndTime "12:22:33 PDT"]
[Termination "WelshTiger won by resignation"]

1. e4 c5 2. Nf3 d6 3. c3 Nf6 4. h3 Nc6 5. Bd3 d5 6. e5 Nd7 7. Qe2 e6 8. Bc2 Qc7 9. d4 cxd4 10. cxd4 Nb4 11. Nc3 Nxc2+ 12. Qxc2 b6 13. O-O Ba6 14. Re1 Rc8 15. Bg5 Be7 16. Bxe7 Kxe7 17. Qd2 h6 18. Rac1 Qb7 19. Qf4 g5 20. Qe3 Nf8 21.
h4 g4 22. Nh2 Rg8 23. Qxh6 Nd7 24. Re3 Rg6 25. Qf4 Rh8 26. g3 Rhg8 27. h5 Rg5 28. h6 Rh5 29. Nxg4 Qb8 30. Nf6 Rf5 31. Ncxd5+ Kd8 32. Nxd7 Kxd7 33. Nf6+ Kd8 34. h7 Rh8 35. Qg4 Ke7 36. d5 1-0

[Event "Live Chess"]
[Site "Chess.com"]
[Date "2023.05.20"]
[Round "-"]
[White "ChippyChill"]
[Black "flyingpuffins"]
[Result "0-1"]
[WhiteElo "594"]
[BlackElo "1975"]
[TimeControl "300"]
[EndTime "12:22:35 PDT"]
[Termination "flyingpuffins won by resignation"]

1. d4 d5 2. c4 c6 3. Qa4 dxc4 4. Qxc4 Nf6 5. Nc3 Be6 6. Qd3 Nd5 7. Nxd5 Bxd5 8. Bf4 g6 9. Bxb8 Rxb8 10. O-O-O Bg7 11. e4 Be6 12. d5 cxd5 13. exd5 Bf5 14. Qd2 Rc8+ 0-1

[Event "Live Chess"]
[Site "Chess.com"]
[Date "2023.05.20"]
[Round "-"]
[White "SallyTheJanitor"]
[Black "JanMur7"]
[Result "0-1"]
[WhiteElo "342"]
[BlackElo "1956"]
[TimeControl "300"]
[EndTime "12:22:41 PDT"]
[Termination "JanMur7 won - game abandoned"]

1. d4 Nf6 2. c4 e6 3. Nf3 d5 4.
e3 Be7 5. Na3 O-O 6. b3 b6 7. Bd3 Bb7 8. Bd2 Bxa3 9. Bc1 Bb4+ 10.
Nd2 dxc4 11. bxc4 Ne4 12. a3 Bxd2+ 13. Bxd2 Nxd2 14. Qxd2 Nd7 15. Qc2 Nf6 16. e4 Qxd4 17. e5 Qxa1+ 18. Kd2 Qxh1 19. exf6 Qxh2 20. Bxh7+ Qxh7 21.
Qxh7+ Kxh7 0-1

[Event "Live Chess"]
[Site "Chess.com"]
[Date "2023.05.20"]
[Round "-"]
[White "Wild_Tiger"]
[Black "yarek"]
[Result "0-1"]
[WhiteElo "1057"]
[BlackElo "1890"]
[TimeControl "300"]
[EndTime "12:22:43 PDT"]
[Termination "yarek won by checkmate"]

1. d4 g6 2. Nf3 Bg7 3. e3 c6 4.
Bd3 d5 5. O-O Bg4 6. b3 e6 7.
Bb2 Nf6 8. Nbd2 O-O 9. h3 Bxf3 10.
Nxf3 Nbd7 11. Ne5 c5 12. f4 Rc8 13. c3 cxd4 14. cxd4 Qb6 15. Rf3 Nxe5 16. fxe5 Nd7 17. g4 Bh6 18. Kg2 Rc7 19. Rc1 Rfc8 20. Rxc7 Qxc7 21. Qf1 Nb6 22. h4 a5 23. g5 Bf8 24.
Kg3 a4 25. Qe2 axb3 26. axb3 Ra8 27. h5 Ra2 28. Rf2 Ba3 29. hxg6 hxg6 30. Qf3 Rxb2 31.
Bxg6 Rxf2 32. Qxf2 fxg6 33. Qf6 Qf7 34. Qd8+ Kg7 35.
Qxb6 Bc1 36. Qb5 Bxe3 37. Qe2 Qf4+ 38. Kg2 Qxg5+ 39. Kf1 Qg1# 0-1

[Event "Live Chess"]
[Site "Chess.com"]
[Date "2023.05.20"]
[Round "-"]
[White "Hacker_2009"]
[Black "mliszewski"]
[Result "0-1"]
[WhiteElo "1912"]
[BlackElo "1890"]
[TimeControl "300"]
[EndTime "12:22:43 PDT"]
[Termination "mliszewski won by resignation"]

1. d4 d5 2. Nf3 Nc6 3. e3 Bg4 4. c4 dxc4 5. Bxc4 a6 6. Qb3 e6 7. Qxb7 Na5 8. Qe4 Bxf3 9. Qxf3 Nxc4 10. b3 Nd6 11. O-O Nf6 12. Bb2 Be7 13. Nc3 O-O 14. e4 Nb5 15. Nxb5 axb5 16. Rfd1 Qc8 17. d5 exd5 18. exd5 Rd8 19. d6 cxd6 20. Rac1 Qa6 21. a3 Ne8 22. Qg3 Bf6 23. Bxf6 Nxf6 24. Ra1 d5 25. a4 bxa4 26. Rxa4 Qb5 27. Rxa8 Rxa8 28. Qc3 h6 29. h3 Rd8 30. Rd3 Ne4 31. Qd4 Qb7 32. Re3 Nf6 33. Rg3 Qe7 34. b4 Rb8 35. Rb3 Qe1+ 36. Kh2 Qe4 37. Qc5 Qc4 38. Qd6 Rb5 39.
Rg3 Ne4 40. Rf3 Nxd6 0-1

[Event "Live Chess"]
[Site "Chess.com"]
[Date "2023.05.20"]
[Round "-"]
[White "domrobson"]
[Black "SavagePawn7"]
[Result "0-1"]
[WhiteElo "1723"]
[BlackElo "796"]
[TimeControl "300"]
[EndTime "12:22:43 PDT"]
[Termination "SavagePawn7 won by resignation"]

1. d4 e5 2. c4 exd4 3. Qxd4 Nc6 4. Qd1 Nf6 5. Nf3 Bc5 6. Bg5 h6 7. Bxf6 Qxf6 8. Nc3 Bb4 9. Rc1 O-O 10. e3 Ne5 11.
Nxe5 Qxe5 12. Be2 d6 13. O-O Be6 14. Qa4 c5 15. a3 Bxc3 16. Rxc3 a6 17. b4 b5 18. cxb5 axb5 19. Qxb5 Qxc3 20. bxc5 0-1

[Event "Live Chess"]
[Site "Chess.com"]
[Date "2023.05.20"]
[Round "-"]
[White "wot-not"]
[Black "Chesscoach_Golichenko"]
[Result "0-1"]
[WhiteElo "1483"]
[BlackElo "2648"]
[TimeControl "300"]
[EndTime "12:22:45 PDT"]
[Termination "Chesscoach_Golichenko won by resignation"]

1. d4 Nf6 2. c4 e6 3. Nc3 Bb4 4. e3 O-O 5. Bd3 b6 6. Ne2 Bb7 7. f3 d5 8. a3 Be7 9. cxd5 exd5 10. Qc2 c5 11. dxc5 bxc5 12. Bd2 g6 13. Ng3 d4 14. Nce4 Nbd7 15. O-O-O c4 16. Nxf6+ Bxf6 17. Be4 d3 18. Qb1 Rb8 19. Bxb7 Rxb7 20. Ne4 Bxb2+ 21. Qxb2 Rxb2 22. Kxb2 Qb6+ 23. Ka1 Nc5 24. Nxc5 Qxc5 25. Bb4 Qe5+ 26. Ka2 Rd8 27. e4 c3 28. Kb3 a5 29. Bxc3 Rb8+ 0-1

[Event "Live Chess"]
[Site "Chess.com"]
[Date "2023.05.20"]
[Round "-"]
[White "HugeManAmin"]
[Black "NatashaRegan"]
[Result "0-1"]
[WhiteElo "1399"]
[BlackElo "1828"]
[TimeControl "300"]
[EndTime "12:22:59 PDT"]
[Termination "NatashaRegan won by resignation"]

1. e4 Nf6 2. Nc3 e5 3. Nf3 Nc6 4. Bc4 Be7 5. d4 exd4 6. Nxd4 O-O 7. O-O Ne5 8. Bb3 d6 9. f4 Bg4 10. Qd2 Ng6 11. f5 Ne5 12. Nf3 Bxf3 13. gxf3 c6 14. Kf2 Qb6+ 15. Ke1 d5 16. Rg1 Qxg1+ 0-1

[Event "Live Chess"]
[Site "Chess.com"]
[Date "2023.05.20"]
[Round "-"]
[White "MartinWalker4"]
[Black "Zeraora719"]
[Result "1-0"]
[WhiteElo "2075"]
[BlackElo "761"]
[TimeControl "300"]
[EndTime "12:23:00 PDT"]
[Termination "MartinWalker4 won by checkmate"]

1. e4 e5 2. Nf3 Nc6 3. Bb5 a6 4.
Ba4 b5 5. Bb3 Nd4 6. Nxd4 exd4 7. O-O a5 8. a4 bxa4 9. Bxa4 Nf6 10. d3 c6 11. f4 d5 12. Bxc6+ Bd7 13. Bxa8 Ng4 14.
Bxd5 Qh4 15. h3 Ne3 16. Bxe3 dxe3 17. Qf3 g5 18. Rxa5 gxf4 19. Ra8+ Ke7 20. Qxf4 Be6 21. Qxh4+ Kd7 22. Qd8# 1-0

[Event "Live Chess"]
[Site "Chess.com"]
[Date "2023.05.20"]
[Round "-"]
[White "zdanevych"]
[Black "JoeRoot66"]
[Result "1-0"]
[WhiteElo "1513"]
[BlackElo "1918"]
[TimeControl "300"]
[EndTime "12:23:02 PDT"]
[Termination "zdanevych won by resignation"]

1. d4 d5 2. c4 e6 3. cxd5 exd5 4. Nc3 Nf6 5. Nf3 Be7 6. h3 O-O 7. Bf4 c6 8. e3 Re8 9. Bd3 Nbd7 10. O-O Nf8 11. Rc1 Bd6 12. Bxd6 Qxd6 13. Bb1 Ng6 14. Bxg6 hxg6 15. Ne5 Ne4 16. Nxe4 dxe4 17. Qc2 Bf5 18.
Qb3 Qc7 19. Rc5 Be6 20. Qc3 Bd5 21. f3 b6 22. Rxd5 Rac8 23. Rd7 1-0

[Event "Live Chess"]
[Site "Chess.com"]
[Date "2023.05.20"]
[Round "-"]
[White "TobyQuaite"]
[Black "McSlash1"]
[Result "1-0"]
[WhiteElo "1689"]
[BlackElo "2052"]
[TimeControl "300"]
[EndTime "12:23:03 PDT"]
[Termination "TobyQuaite won by resignation"]

1. e4 c5 2. Nf3 d6 3. d4 cxd4 4. Nxd4 Nf6 5. Nc3 g6 6. Bg5 Bg7 7. f4 h6 8. Bxf6 Bxf6 9. Nb3 O-O 10. Qf3 h5 11. h3 Nc6 12. g4 Bh4+ 13. Kd2 Na5 14. gxh5 Nxb3+ 15. axb3 Kg7 16. hxg6 fxg6 17. Rg1 e5 18. Qh5 g5 19. Qxh4 exf4 20. Qxg5+ Qxg5 21. Rxg5+ Kf6 22. Rd5 Ke6 23. Bc4 Ke7 24. Nb5 Be6 25. Rxd6 Bxc4 26. bxc4 a6 27. Rb6 axb5 28. Rxb7+ Ke6 29.
Rxa8 Rxa8 30. Rxb5 Rh8 31. Rf5 Rh4 32. b4 Kd6 33. b5 Kd7 34. c5 Ke6 35. b6 Kd7 36. Kc3 Rxh3+ 37. Kb4 f3 38. Kb5 Rh2 39. Rxf3 Rxc2 40.
Rd3+ Kc8 41. c6 Rb2+ 42. Kc5 Rc2+ 43. Kd6 Re2 44. e5 Rh2 45. b7+ Kb8 46. Ra3 Rd2+ 47. Ke6 Kc7 48. Ra8 1-0

[Event "Live Chess"]
[Site "Chess.com"]
[Date "2023.05.20"]
[Round "-"]
[White "Judgen68"]
[Black "1600x"]
[Result "0-1"]
[WhiteElo "1241"]
[BlackElo "1702"]
[TimeControl "300"]
[EndTime "12:23:07 PDT"]
[Termination "1600x won by resignation"]

1. d4 e5 2. dxe5 d5 3. Nf3 c6 4. c3 Nd7 5. Bf4 f6 6. exf6 Ngxf6 7. h3 Ne4 8. e3 h5 9. Nbd2 Ndc5 10. Nxe4 Nxe4 11. Qd4 Qf6 12. Qxf6 gxf6 13. c4 Bb4+ 14. Ke2 dxc4 15. a3 Ba5 16. Nd4 c3 17. bxc3 Bxc3 18. Rc1 Bb2 19. Rc2 Bxa3 20. Kf3 Ng5+ 21. Bxg5 fxg5 22.
g3 h4 23. Bd3 Bd6 24. Bg6+ Ke7 25. g4 Kf6 26. Bf5 Bxf5 27. Nxf5 Bb4 28. Rd1 Rhd8 29. Rxd8 Rxd8 30. Rc4 c5 31. e4 Ke5 32.
Ne3 b5 33. Rc2 a5 34. Nd5 c4 35. Nc7 Rb8 36. Rc1 Bc5 37. Rd1 Rf8+ 38. Kg2 Rxf2+ 39. Kh1 0-1

[Event "Live Chess"]
[Site "Chess.com"]
[Date "2023.05.20"]
[Round "-"]
[White "jennybobby44"]
[Black "luckywookie"]
[Result "1-0"]
[WhiteElo "1876"]
[BlackElo "744"]
[TimeControl "300"]
[EndTime "12:23:07 PDT"]
[Termination "jennybobby44 won on time"]

1. Nf3 d5 2. g3 c6 3. Bg2 g6 4. O-O Bg7 5. d4 Nd7 6. b3 e5 7. e3 Ne7 8. Bb2 e4 9. Nfd2 O-O 10. f3 Nf6 11. fxe4 Nxe4 12. Nxe4 dxe4 13. Bxe4 Bf5 14. Bg2 Bh6 15. e4 Bc8 16. c4 Be3+ 17. Kh1 Bd7 18. Qd3 Bh6 19. Nd2 Qc8 20. Nf3 f6 21. Rae1 Bh3 22.
Qc3 g5 23. e5 g4 24. Nh4 f5 25. Bxh3 gxh3 26. Qf3 Bd2 27. Re2 Bg5 28. Qh5 h6 29. Nf3 f4 30. Nxg5 hxg5 31. Qxg5+ Kh8 32. gxf4 Qf5 33.
Qxf5 Nxf5 34. Rf3 Nh4 35. Rxh3 Rxf4 36. Re1 Rf1+ 37. Rxf1 Rg8 38. Rxh4+ Kg7 39. Rg4+ Kh7 40. Rxg8 Kxg8 41. e6 1-0

[Event "Live Chess"]
[Site "Chess.com"]
[Date "2023.05.20"]
[Round "-"]
[White "ViktorTheCoolBoy"]
[Black "raminguy"]
[Result "1-0"]
[WhiteElo "2528"]
[BlackElo "1990"]
[TimeControl "300"]
[EndTime "12:23:09 PDT"]
[Termination "ViktorTheCoolBoy won by resignation"]

1. Nf3 Nf6 2. d4 e6 3. c4 d5 4.
Nc3 a6 5. Bg5 dxc4 6. e4 h6 7.
Bxf6 Qxf6 8. Bxc4 c5 9. e5 Qd8 10. O-O cxd4 11. Ne4 Nc6 12. Qe2 Bc5 13. Nxc5 1-0

[Event "Live Chess"]
[Site "Chess.com"]
[Date "2023.05.20"]
[Round "-"]
[White "bristolunichess"]
[Black "BostonStrangler"]
[Result "0-1"]
[WhiteElo "1771"]
[BlackElo "2065"]
[TimeControl "300"]
[EndTime "12:23:12 PDT"]
[Termination "BostonStrangler won by checkmate"]

1. c4 g6 2. d4 Bg7 3. Nc3 Nf6 4. Nf3 O-O 5. Bf4 c5 6. e3 cxd4 7. exd4 d5 8. Qd2 Nc6 9. Be2 Ne4 10. Nxe4 dxe4 11.
Ng5 Nxd4 12. O-O Bf5 13. Rfd1 e5 14. Be3 h6 15. Nh3 Bxh3 16. gxh3 Qh4 17. Kh1 Qxh3 18. Bf1 Qh4 19. Bg2 Rad8 20. Qe1 Nf3 21. Bxf3 exf3 22.
Bxa7 Rxd1 23. Rxd1 Qxc4 24. b3 Qa6 25. Bc5 Re8 26. Qd2 e4 27. Be3 Bf6 28. Bxh6 Rd8 29. Qc1 Rxd1+ 30. Qxd1 Qxa2 31. Kg1 Qe2 32. Qc1 Bd4 33.
Qc8+ Kh7 34. Qh3 Qxf2+ 35. Kh1 Qg1# 0-1

[Event "Live Chess"]
[Site "Chess.com"]
[Date "2023.05.20"]
[Round "-"]
[White "vovanada"]
[Black "LiamClery2020"]
[Result "0-1"]
[WhiteElo "811"]
[BlackElo "2079"]
[TimeControl "300"]
[EndTime "12:23:14 PDT"]
[Termination "LiamClery2020 won by resignation"]

1. d4 Nf6 2. Bf4 d6 3. e3 Nc6 4.
Nf3 Bg4 5. Be2 Bxf3 6. Bxf3 e5 7. Bg3 e4 8. Be2 d5 9. c3 Bd6 10. Qb3 Rb8 11. Na3 O-O 12. Nb5 Ne7 13. Nxd6 cxd6 14. Qa3 Nf5 15. Bg4 Nxg4 16. h3 Nxg3 17. fxg3 Nxe3 18.
Qxa7 Nc2+ 19. Kd2 Nxa1 20. Rxa1 Qg5+ 21. Kc2 Qxg3 0-1

[Event "Live Chess"]
[Site "Chess.com"]
[Date "2023.05.20"]
[Round "-"]
[White "SupremeTactician"]
[Black "worldchessleaguelive"]
[Result "1-0"]
[WhiteElo "2380"]
[BlackElo "1368"]
[TimeControl "300"]
[EndTime "12:23:17 PDT"]
[Termination "SupremeTactician won by checkmate"]

1. e4 d5 2. exd5 Qxd5 3. Nc3 Qd8 4. d4 Nf6 5. Be3 e6 6. Nf3 Be7 7. Be2 O-O 8. O-O h6 9. Qd2 c6 10. Rad1 Nbd7 11. Bd3 Nb6 12. h3 Nbd5 13. Nxd5 exd5 14. c4 Be6 15. c5 b6 16. b4 bxc5 17. bxc5 a5 18. Ne5 Qc7 19. Bxh6 Nd7 20. Bf4 Nxe5 21. Bxe5 Qd7 22. Qe2 f6 23. Qh5 fxe5 24. Bh7+ Kh8 25. Bg6+ Kg8 26. Qh7# 1-0